 Dungeon Crawl Stone Soup version 0.31-a0-188-g5e087ee2ca (webtiles) character file.

Game seed: 15773018164698112694

121 qw the Skirmisher (level 4, 0/25 HPs)
             Began as a Deep Elf Hunter on June 23, 2023.
             Slain by a gnoll
             ... wielding a +0 halberd
              (13 damage)
             ... on level 2 of the Dungeon.
             The game lasted 00:00:25 (860 turns).

qw the Skirmisher (Deep Elf Hunter)                  Turns: 860, Time: 00:00:26

Health: 0/25       AC:  3    Str: 10    XL:     4   Next: 76%
Magic:  6/6        EV: 12    Int: 14    God:
Gold:   76         SH:  0    Dex: 18    Spells: 3/3 levels left

rFire   . . .        Y - +0 shortbow
rCold   . . .        (shield currently unavailable)
rNeg    . . .        c - +0 leather armour
rPois   .            (no helmet)
rElec   .            (no cloak)
rCorr   .            (no gloves)
SInv    +            (no boots)
Will    .....        (no amulet)
Stlth   ++           g - ring of see invisible
HPRegen 0.24/turn    (no ring)
MPRegen 0.10/turn

%: no passive effects
@: no status effects
A: no striking features
a: no special abilities


You were on level 2 of the Dungeon.
You visited 1 branch of the dungeon, and saw 2 of its levels.

You collected 76 gold pieces.


   Skills:
 - Level 1.5 Fighting
 + Level 8.2 Ranged Weapons
 - Level 2.4 Dodging
 - Level 1.2 Stealth


You had 3 spell levels left.
You didn't know any spells.
Your spell library was empty.

Inventory:

Hand Weapons
 Y - a +0 shortbow (weapon)
Armour
 c - a +0 leather armour (worn)
Jewellery
 b - a +6 ring of intelligence
 g - a ring of see invisible (left hand)
Scrolls
 a - a scroll of identify
Potions
 d - a potion of enlightenment {unknown}

Dungeon Overview and Level Annotations

Branches:
Dungeon (2/15)

Altars:


Message History

You shoot an arrow. The arrow closely misses the jackal.
The arrow hits the jackal but does no damage.
The jackal bites you. The jackal completely misses you.
You shoot an arrow. The arrow hits the jackal.
The jackal is moderately wounded.
The jackal closely misses you. The jackal bites you.
You shoot an arrow. The arrow barely misses the jackal.
The jackal barely misses you.
The jackal bites you but does no damage.
The jackal bites you.
The jackal bites you but does no damage.
You shoot an arrow. The arrow closely misses the jackal.
The jackal barely misses you. x2
You shoot an arrow. The arrow barely misses the jackal.
The jackal closely misses you. The jackal barely misses you.
The jackal bites you. x2
You shoot an arrow. The arrow hits the jackal!
You kill the jackal!
The jackal closely misses you.
You shoot an arrow. The arrow hits the jackal.
The jackal is almost dead.
The jackal closely misses you. The jackal bites you.
You shoot an arrow. The arrow closely misses the jackal.
The arrow hits the gnoll.
The gnoll is heavily wounded.
The jackal barely misses you.
You shoot an arrow. The arrow hits the jackal!
You kill the jackal!
You shoot an arrow. The arrow barely misses the gnoll.
The arrow closely misses the gnoll.
The gnoll barely misses you.
You shoot an arrow. The arrow hits the gnoll.
The gnoll is severely wounded.
The gnoll closely misses you.
The gnoll hits you from afar with a +0 halberd.
You shoot an arrow. The arrow hits the gnoll!
You kill the gnoll!
The gnoll hits you from afar with a +0 halberd!
Ouch! That really hurt!
You die...

.............#.<###
.#########.######
#.# #^# #.# . #.##
... #..# .....###.#
#.g%@.# ####).#
#..# ..># ##...
###.# .. ###


You could see a gnoll.

Vanquished Creatures
  A phantom (D:2)
  2 gnolls
  A dart slug (D:1)
  2 endoplasms
  A giant cockroach (D:2)
  3 hobgoblins (D:1)
  4 jackals (D:2)
  A quokka (D:1)
  7 ball pythons
  3 bats (D:1)
  3 frilled lizards (D:1)
  5 kobolds
  2 rats (D:1)
35 creatures vanquished.

Notes
Turn   | Place    | Note
-------+----------+-------------------------------------------
     0 | D:1      | qw the Deep Elf Hunter began the quest for the Orb.
     0 | D:1      | Reached XP level 1. HP: 12/12 MP: 3/3
     0 | D:1      | 0 ||| qw: Version: 0.3-a-9-g12657ce
     0 | D:1      | 0 ||| qw: Game counter: 3156
     0 | D:1      | 0 ||| qw: Always use a shield: true
     0 | D:1      | 0 ||| qw: God list: Okawaru
     0 | D:1      | 0 ||| qw: Allow faded altars: false
     0 | D:1      | 0 ||| qw: Do Orc after D:15 true
     0 | D:1      | 0 ||| qw: Do second Lair branch before Depths: true
     0 | D:1      | 0 ||| qw: Lair rune preference: random
     0 | D:1      | 0 ||| qw: Plans: Normal
     0 | D:1      | 0 ||| PLANNING D:1-11
   154 | D:1      | Found a faded altar of an unknown god.
   299 | D:1      | HP: 3/12 [gnoll/+0 whip (4)]
   302 | D:1      | Reached skill level 6 in Ranged Weapons
   302 | D:1      | Reached XP level 2. HP: 4/16 MP: 4/4
   494 | D:1      | Reached XP level 3. HP: 20/20 MP: 5/5
   664 | D:1      | 664 ||| UPGRADING to ring of see invisible.
   665 | D:1      | 665 ||| READING 2 scrolls labelled MEESOCL HIDWAE.
   666 | D:1      | 666 ||| READING scroll labelled GOSTOFU JOS.
   667 | D:1      | 667 ||| DROPPING scroll of butterflies.
   726 | D:2      | Noticed a phantom
   737 | D:2      | HP: 4/20 [phantom (3)]
   738 | D:2      | Killed a phantom
   739 | D:2      | Reached skill level 8 in Ranged Weapons
   739 | D:2      | Reached XP level 4. HP: 5/25 MP: 6/6
   750 | D:2      | 750 ||| FLEEEEING.
   751 | D:2      | 751 ||| FLEEEEING.
   755 | D:2      | 755 ||| STAIRDANCE
   820 | D:1      | 820 ||| READING scroll labelled UKHAUJ TINOIL.
   860 | D:2      | Slain by a gnoll

Levels and vault maps discovered:
D:1:      nagdon_arrival_double_spiral, layout_loops_ring,
          chequers_ecumenical_altar_simple, minmay_misc_feat_alley
D:2:      minmay_chambers_of_twos, layout_basic

Skill      XL: |  1  2  3 |
---------------+----------+-----
Ranged Weapons | 6 8 |  8.2
Fighting       | |  1.5
Dodging        | |  2.4
Stealth        | |  1.2

Action                     |  1- 3 |  4- 6 || total
---------------------------+-------+-------++-------
   Fire: Shortbow          |    83 |    20 ||   103
    Use: Scroll            |     2 |     1 ||     3
 Armour: Leather armour    |     9 |     2 ||    11
  Dodge: Dodged            |    23 |    13 ||    36

Table legend:
 A = Non-vault XP
 B = Vault XP
 C = Vault XP percentage of total XP
 D = Non-vault monster count
 E = Vault monster count
 F = Vault count percentage of total count
                 A         B        C        D         E       F
            +---------+---------+-------+---------+---------+-------
      Total |     187 |       0 |   0.0 |      35 |       0 |   0.0
            +---------+---------+-------+---------+---------+-------
        D:1 |      51 |       0 |   0.0 |      25 |       0 |   0.0
        D:2 |     136 |       0 |   0.0 |      10 |       0 |   0.0
            +---------+---------+-------+---------+---------+-------
